 Dungeon Crawl Stone Soup version 0.29-a0-2-g12fcac58f8 (webtiles) character file.

Game seed: 16242540958324587523

6094 porpoise the Grappler (level 10, -16/79 HPs)
             Began as a Demonspawn Transmuter on Jan 27, 2022.
             Was an Initiate of Nemelex Xobeh.
             Demolished by Erolcha (20 damage)
             ... on level 9 of the Dungeon.
             The game lasted 00:42:05 (12709 turns).

porpoise the Grappler (Demonspawn Transmuter)      Turns: 12709, Time: 00:42:05

Health: -16/79     AC: 14    Str: 15    XL:     10   Next: 58%
Magic:  13/13      EV: 13    Int: 15    God:    Nemelex Xobeh [......]
Gold:   490        SH:  5    Dex: 13    Spells: 10/13 levels left

rFire   . . .      SeeInvis .     - Unarmed
rCold   . . .      Faith    .   (no shield)
rNeg    . . .      Spirit   .   a - +0 robe
rPois   +          Reflect  +   g - +2 helmet
rElec   .          Harm     .   E - +2 cloak
rCorr   .          Rampage  .   (no gloves)
Will    .....                   h - +1 pair of boots
Stlth   +++.......              z - amulet of reflection
HPRegen 0.23/turn               e - ring of poison resistance
MPRegen 0.13/turn               s - +4 ring of protection

@: mighty
A: claws 1, powered by pain 1, demonic magic 2
a: Renounce Religion, Draw Escape, Draw Destruction, Draw Summoning


You were on level 9 of the Dungeon.
You worshipped Nemelex Xobeh.
Nemelex Xobeh was noncommittal.
You visited 2 branches of the dungeon, and saw 10 of its levels.
You also visited: Ossuary and Bailey.

You collected 490 gold pieces.

Inventory:

Hand Weapons
 b - a +1 hunting sling
 w - a +5 dagger
 U - a +0 shortbow
 V - a +2 vorpal longbow
Missiles
 d - 253 stones (quivered)
 i - 13 bolts
 j - 6 poisoned darts
 k - 5 curare-tipped darts
 m - 82 arrows
 q - 89 sling bullets
 N - 7 atropa-tipped darts
 R - 4 throwing nets
 S - 6 datura-tipped darts
 T - 22 boomerangs
Armour
 a - a +0 robe (worn)
 g - a +2 helmet (worn)
 h - a +1 pair of boots (worn)
 E - a +2 cloak (worn)
Magical Staves
 y - a staff of earth
Jewellery
 e - a ring of poison resistance (left claw)
 n - a ring of see invisible
 s - a +4 ring of protection (right claw)
 z - an amulet of reflection (around neck)
 O - a ring of fire
 P - a +6 ring of intelligence
Wands
 c - a wand of paralysis (3)
 l - a wand of acid (10)
 u - a wand of digging (7)
 x - a wand of flame (9)
Scrolls
 p - a scroll of magic mapping
 F - a scroll of amnesia
Potions
 o - 2 potions of resistance
 r - a potion of cancellation
 D - a potion of might
 I - 3 potions of attraction
 J - 4 potions of flight
 K - 5 potions of brilliance
 M - a potion of heal wounds {unknown}


   Skills:
 * Level 7.0 Fighting
 - Level 5.0 Dodging
 - Level 5.0 Stealth
 * Level 11.2 Unarmed Combat
 - Level 2.0 Spellcasting
 - Level 1.7 Transmutations
 + Level 3.9 Evocations


You had 10 spell levels left.
You knew the following spells:

 Your Spells              Type           Power      Damage    Failure   Level
a - Beastly Appendage     Tmut           12%        N/A       11%         1
w - Wereblood             Tmut           6%         N/A       16%         2

Your spell library contained the following spells:

 Spells                   Type           Power      Damage    Failure   Level
 Sandblast                Erth           2%         2d4       22%         1
 Passwall                 Tmut/Erth      3%         N/A       24%         2
 Ensorcelled Hibernation  Hex/Ice        2%         N/A       32%         2
 Spider Form              Tmut/Pois      4%         N/A       43%         3
 Stone Arrow              Conj/Erth      2%         3d7       54%         3
 Ice Form                 Ice/Tmut       4%         N/A       83%         4
 Anguish                  Hex/Necr       0%         N/A       91%         4


Dungeon Overview and Level Annotations

Branches:
Dungeon (9/15)             Temple (1/1) D:6            Lair (0/6) D:9
Ossuary (visited)          Bailey (visited)
    Orc: D:9-12

Altars:
Ashenzari
Cheibriados
Dithmenos
Elyvilon
Fedhas
Gozag
Hepliaklqana
Kikubaaqudgha
Makhleb
Nemelex Xobeh
Okawaru
Qazlal
Ru
Sif Muna
Trog
Uskayaw
Vehumet
Wu Jian
Xom
Yredelemnul
Zin
The Shining One

Shops:
D:1 ?

Annotations:
D:9 Erolcha


Innate Abilities, Weirdness & Mutations

You have sharp fingernails.
You sometimes gain a little power by taking damage.
Spells you cast may paralyse nearby enemies.


Message History

The orc closely misses you.
You claw the orc!
You kill the orc!
No target in view!
b - a +1 hunting sling (weapon)
You start waiting.
Done waiting.
You now have 490 gold pieces (gained 19).
d - 251 stones (gained 1)
Items here: ))) [[.
Found a staircase to the Lair.
Items here: ))) [[.
Okay, then.
Unknown command.
d - 252 stones (gained 1)
d - 254 stones (gained 2)
You see here a +0 dagger.
Found a stone staircase leading up.
Erolcha the Cunning comes into view.
She is wielding a +0 giant club.
You feel very mighty all of a sudden.
You shoot a stone. The stone hits Erolcha.
Erolcha shouts!
Erolcha is lightly wounded.
You are now empty-clawed.
Erolcha mumbles some strange words.
Erolcha flickers and vanishes!
Deactivating autopickup; reactivate with Ctrl-A.
There is an open door here.
No target in view!
No target in view!
You miss something. You claw something. You completely miss something.
Something hits you!
You completely miss something. Something hits you!
You claw something! Something hits you!!
As you read the scroll of fog, it crumbles to dust.
The scroll dissolves into smoke.
Something hits you!!
* * * LOW HITPOINT WARNING * * *
Something hits you!!
You die...
Your body disappears without a glow.

,,,,,*,,,,,,,*,,*+********,,,*,,,
,,o.,*,,,,,,,+..*........#,,,*,,,
,,,o.*,,,,,,,#..+........#,,,*,,,
***,.#########..##.......#,,,*,,,
* *,,.(.(........§.......#,,**,,,
* ***#...........#.......#,,*,,,,
* #....,,,....#§§§§(..#,.#,,,, *
#...######..#§§§§...#..#,,,, *
#...#....#.@##§######..#**** *
#...#....#.§{§§§........,,,, *
#...#....#.§§§§.§.......,,,, *
#...#....###§###.....###,,,, *
#...'.........,#.....#,*,,,,
######...#..........#.<...#,*,,,,
..)......#..........#.....#,*,,,,
###......+..........#.....#,*+***
..'......#......#####.....#,,,,,,


There were no monsters in sight!

Vanquished Creatures
  Harold (D:7)
  Pikel (D:7)
  Maurice (D:8)
  2 trolls
  A wyvern (D:7)
  2 water moccasins
  Duvessa (D:7)
  A sky beast (D:6)
  2 orc warriors
  2 black bears
  A necrophage (D:5)
  An ogre (D:6)
  3 centaurs
  An elf zombie (Ossuary)
  4 kobold brigands (Bailey)
  4 bullfrogs
  A gnoll sergeant (D:8)
  6 scorpions
  Dowan (D:7)
  4 water moccasin skeletons
  14 killer bees
  5 wights
  A jelly (D:7)
  A howler monkey (D:6)
  2 centaur zombies (D:8)
  A hound (D:4)
  Crazy Yiuf (D:3)
  2 centaur skeletons
  2 orc priests
  A bullfrog skeleton (D:5)
  A scorpion zombie (D:5)
  4 orc wizards
  A killer bee zombie (D:7)
  3 mummies (Ossuary)
  2 hound skeletons (D:4)
  A howler monkey zombie (D:7)
  8 gnolls
  10 adders
  3 shadow imps (D:6)
  2 white imps
  3 adder zombies (Ossuary)
  2 worms
  2 dart slugs
  16 orcs
  6 bats
  7 endoplasms
  2 giant cockroaches
  6 hobgoblins
  4 quokkas
  9 ball pythons
  5 frilled lizards
  7 goblins
  3 goblin zombies (Ossuary)
  16 kobolds
  4 kobold zombies (Ossuary)
  4 quokka zombies (Ossuary)
  7 rats
  3 rat zombies (Ossuary)
211 creatures vanquished.

Vanquished Creatures (others)
  3 fungi (D:2)
  8 plants (D:2)
11 creatures vanquished.

Grand Total: 222 creatures vanquished

Notes
Turn   | Place    | Note
-------+----------+-------------------------------------------
     0 | D:1      | porpoise the Demonspawn Transmuter began the quest for the
                  | Orb.
     0 | D:1      | Reached XP level 1. HP: 15/15 MP: 3/3
   338 | D:1      | Reached skill level 3 in Unarmed Combat
   421 | D:1      | Gained mutation: Spells you cast may paralyse adjacent
                  | enemies. [demonic ancestry]
   421 | D:1      | Reached XP level 2. HP: 21/21 MP: 3/5
   672 | D:1      | Found Osel's Magic Scroll Shop.
  1084 | D:1      | Learned a level 2 spell: Wereblood
  1142 | D:2      | Reached XP level 3. HP: 9/27 MP: 4/6
  1943 | D:2      | Found a stormy altar of Qazlal.
  2093 | D:2      | Noticed a black bear
  2107 | D:2      | Killed a black bear
  2108 | D:2      | Reached skill level 4 in Unarmed Combat
  2108 | D:2      | Reached XP level 4. HP: 34/34 MP: 5/7
  2108 | D:2      | Gained mutation: Spells you cast may paralyse nearby
                  | enemies. [demonic ancestry]
  2108 | D:2      | Reached XP level 5. HP: 40/40 MP: 5/8
  2366 | D:2      | Found a faded altar of an unknown god.
  2711 | D:3      | Found a stormy altar of Qazlal.
  3081 | D:3      | Reached skill level 5 in Unarmed Combat
  3478 | D:3      | Found a runed translucent door.
  3479 | D:3      | Noticed Crazy Yiuf
  3489 | D:3      | Killed Crazy Yiuf
  3885 | D:4      | Reached XP level 6. HP: 28/47 MP: 7/9
  4309 | D:4      | Reached skill level 6 in Unarmed Combat
  4446 | D:4      | Gained mutation: You have sharp fingernails. [demonic
                  | ancestry]
  4446 | D:4      | Reached XP level 7. HP: 36/54 MP: 7/10
  4758 | D:5      | Entered Level 5 of the Dungeon
  5446 | D:5      | Reached skill level 1 in Stealth
  5945 | D:5      | Reached skill level 5 in Fighting
  6081 | D:6      | Reached skill level 7 in Unarmed Combat
  6130 | D:6      | Found a sand-covered staircase.
  6135 | Ossuary  | Entered an ossuary
  6159 | Ossuary  | Reached XP level 8. HP: 62/63 MP: 9/11
  6374 | D:6      | Found a staircase to the Ecumenical Temple.
  6403 | Temple   | Entered the Ecumenical Temple
  7304 | D:7      | Noticed Dowan
  7304 | D:7      | Noticed Duvessa
  7348 | D:7      | Killed Dowan
  7349 | D:7      | Reached skill level 8 in Unarmed Combat
  7373 | D:7      | Killed Duvessa
  7519 | D:7      | Reached XP level 9. HP: 72/72 MP: 12/12
  7581 | D:7      | Noticed Pikel
  8491 | D:7      | Noticed a troll
  8512 | D:6      | Killed a troll
  8513 | D:6      | Reached skill level 9 in Unarmed Combat
  8958 | D:7      | Noticed Harold
  8971 | D:7      | Killed Harold
  8972 | D:7      | Reached skill level 5 in Stealth
  8999 | D:7      | Killed Pikel
  9000 | D:7      | Reached skill level 10 in Unarmed Combat
  9000 | D:7      | Reached skill level 1 in Evocations
  9000 | D:7      | Gained mutation: You sometimes gain a little power by
                  | taking damage. [demonic ancestry]
  9000 | D:7      | Reached XP level 10. HP: 65/79 MP: 13/13
  9322 | D:8      | Noticed Maurice
  9355 | D:8      | Reached skill level 5 in Dodging
  9398 | D:8      | Paralysed by something for 6 turns
  9415 | D:8      | Killed Maurice
 11796 | D:9      | Found a flagged portal.
 11814 | D:9      | Reached skill level 11 in Unarmed Combat
 11824 | Bailey   | Entered a bailey
 12508 | D:9      | Found a sparkling altar of Nemelex Xobeh.
 12516 | D:9      | Became a worshipper of Nemelex Xobeh the Trickster
 12674 | D:9      | Found a staircase to the Lair.
 12696 | D:9      | Noticed Erolcha
 12705 | D:9      | HP: 3/79 [something (21)]
 12709 | D:9      | Demolished by Erolcha

Illustrated notes

Levels and vault maps discovered:
D:1:      kilobyte_arrival_exit_the_forest, layout_loops_ring, serial_shops,
          nicolae_shop_behind_doors
D:2:      minmay_angry_zag, layout_loops_cross,
          shapermc_ecumenical_altar_mp_ritualfount, basic_altar
D:3:      layout_rooms, nicolae_qazlal_general_emergency,
          chequers_serial_rivers_room_a, moated_statue, uniq_crazy_yiuf_cottage
D:4:      layout_cave_pools
D:5:      layout_layer_cave
D:6:      layout_rooms, minmay_temple_entry_statues, enter_ossuary_2
D:7:      layout_cave_pools, minivault_25, uniq_duvessa, uniq_harold, uniq_pikel
D:8:      layout_loops_ring, uniq_maurice
D:9:      layout_irregular_city, lemuel_coloured_pillars_altar,
          lair_entry_dummy, enter_bailey_2, serial_shops, shop_statue,
          kennysheep_small_spiral, chequers_serial_rivers_micro_d,
          minmay_statues_item, uniq_erolcha
Temple:   mainiacjoe_temple_cubbyholes

Skill      XL: |  1  2  3  4  5  6  7  8  9 10 |
---------------+-------------------------------+-----
Unarmed Combat | 3 4 5 6 7 8 10 11 | 11.2
Fighting       | 2 3 4 5 7 |  7.0
Stealth        | 1 3 5 |  5.0
Dodging        | 4 5 |  5.0
Evocations     | 1 3 |  3.9
Spellcasting   | |  2.0
Transmutations | |  1.7

Action                   |  1- 3 |  4- 6 |  7- 9 | 10-12 || total
-------------------------+-------+-------+-------+-------++-------
Melee: Unarmed           |    81 |   115 |   305 |   177 ||   678
       Kick              |    17 |    31 |    15 |       ||    63
       Punch             |     2 |     7 |    18 |     7 ||    34
       Headbutt          |     6 |    17 |    10 |       ||    33
       Dagger            |       |       |     2 |       ||     2
 Fire: Shortbow          |       |       |    59 |     8 ||    67
       Hunting sling     |       |       |       |    35 ||    35
       Longbow           |       |       |       |     2 ||     2
Throw: Stone             |       |       |    10 |       ||    10
 Cast: Beastly Appendage |    30 |    35 |    10 |       ||    75
       Wereblood         |       |       |     9 |     5 ||    14
Evoke: Wand              |     3 |       |    10 |     5 ||    18
  Use: Scroll            |       |       |    11 |    13 ||    24
       Potion            |       |       |     3 |     9 ||    12
 Stab: Paralysed         |     2 |    36 |    28 |     1 ||    67
       Sleeping          |     1 |     1 |     3 |     1 ||     6
       Distracted        |       |       |       |     1 ||     1
Armor: Robe              |     9 |    26 |   120 |    85 ||   240
Dodge: Dodged            |    36 |    47 |   140 |   165 ||   388
Block: Other             |       |     1 |    52 |    63 ||   116
       Reflection        |       |       |     3 |     7 ||    10

Table legend: (Time is in decaauts)
 A = Elapsed time spent in this place.
 B = Non-inter-level travel time spent in this place.
 C = Inter-level travel time spent in this place.
 D = Time resting spent in this place.
 E = Time spent auto-exploring this place.
 F = Levels seen in this place.
 G = Mean time per level.
                   A        B        C        D        E       F      G
               +--------+--------+--------+--------+--------+-----+--------+
         Total |  12607 |  12282 |    325 |   5286 |   4601 |  12 | 1050.6 |
       Dungeon |  11745 |  11473 |    272 |   5189 |   4299 |   9 | 1305.0 |
        Temple |    356 |    303 |     53 |      0 |    302 |   1 |  356.0 |
       Ossuary |    207 |    207 |      0 |     15 |      0 |   1 |  207.0 |
        Bailey |    298 |    298 |      0 |     82 |      0 |   1 |  298.0 |
               +--------+--------+--------+--------+--------+-----+--------+

Top non-repeatable levels by time:
     D:8: 1780 daAuts
     D:7: 1601 daAuts
     D:6: 1583 daAuts
     D:3: 1488 daAuts
     D:5: 1305 daAuts
     D:1: 1296 daAuts
     D:2: 1228 daAuts
     D:4: 732 daAuts
     D:9: 728 daAuts
  Temple: 356 daAuts
  Bailey: 298 daAuts
 Ossuary: 207 daAuts
